 Dungeon Crawl Stone Soup version 0.23.1 (webtiles) character file.

Game seed: 16795554116823110765

1143 pjoxt the Ruffian (level 8, 0/71 HPs)
             Began as a Troll Monk on Mar 5, 2019.
             Was a Believer of Hepliaklqana.
             Killed from afar by an electric eel (7 damage)
             ... with a bolt of electricity
             ... on level 6 of the Dungeon.
             The game lasted 00:11:54 (3303 turns).

pjoxt the Ruffian (Troll Monk)                      Turns: 3303, Time: 00:11:55

Health: 0/71       AC:  6    Str: 20    XL:     8   Next: 15%
Magic:  8/8        EV: 12    Int:  6    God:    Hepliaklqana [**....]
Gold:   361        SH:  9    Dex: 14    Spells: 7/7 levels left

rFire    . . .     SeeInvis .     - Unarmed
rCold    . . .     Gourm    +   j - +0 shield
rNeg     . . .     Faith    .   a - +0 robe
rPois    +         Spirit   .   (helmet restricted)
rElec    .         Reflect  .   (no cloak)
rCorr    .         Harm     .   (gloves unavailable)
MR       .....                  (boots unavailable)
Stlth    ++........             (no amulet)
HPRegen  0.61/turn              v - +3 ring of evasion
MPRegen  0.11/turn              q - ring of poison resistance

@: very slow
A: large, unfitting armour, reduced essence, claws 3, fast metabolism 3,
gourmand, regeneration 1, shaggy fur 1, tough skin 3
a: Recall Ancestor, Ancestor Identity, Renounce Religion


You were on level 6 of the Dungeon.
You worshipped Hepliaklqana.
Hepliaklqana was pleased with you.
You were completely stuffed.

You visited 2 branches of the dungeon, and saw 7 of its levels.

You collected 361 gold pieces.

Inventory:

Armour
 a - a +0 robe (worn)
 j - a +0 shield (worn)
Jewellery
 p - an uncursed ring of magical power
 q - a ring of poison resistance (right claw)
 r - the ring "Huasmed" {rC++ Str+2 Int-5 Slay-4 SInv}
   (You found it on level 5 of the Dungeon)

   [ring of slaying]

   It affects your strength (+2).
   It affects your intelligence (-5).
   It affects your accuracy and damage with ranged weapons and melee attacks
   (-4).
   It greatly protects you from cold.
   It lets you see invisible.
 v - a +3 ring of evasion (left claw)
 A - an uncursed ring of see invisible
Wands
 l - a wand of random effects (10)
 t - a wand of digging (3)
Scrolls
 e - a scroll of amnesia {unknown}
 f - 4 scrolls of enchant armour
 h - 2 scrolls of immolation
 i - 2 scrolls of teleportation
 n - a scroll of remove curse
 u - a scroll of magic mapping {unknown}
 y - a scroll of enchant weapon
Potions
 c - 2 potions of berserk rage
 d - a potion of ambrosia {unknown}
 g - a potion of magic {unknown}
 k - a potion of resistance
 m - 4 potions of curing
 o - a potion of lignification
 w - a potion of flight {unknown}
 x - a potion of agility
 z - a potion of brilliance {unknown}
 B - a potion of haste {unknown}
Comestibles
 b - 10 rations
 s - 7 chunks of flesh


   Skills:
 + Level 4.5 Fighting
 - Level 2.9 Dodging
 - Level 1.0 Stealth
 + Level 3.2 Shields
 * Level 7.3 Unarmed Combat
 + Level 1.8 Invocations


You had 7 spell levels left.
You didn't know any spells.
Your spell library contained the following spells:

 Spells                   Type           Power        Failure   Level  Hunger
 Ensorcelled Hibernation  Hex/Ice        #.....       95%         2    ###....
 Borgnjor's Vile Clutch   Necr/Erth      #.........   100%        5    ######.
 Silence                  Hex/Air        #.........   100%        5    ######.
 Darkness                 Hex            #.........   100%        6    #######
 Shadow Creatures         Summ           N/A          100%        6    #######


Dungeon Overview and Level Annotations

Branches:
Dungeon (6/15)             Temple (1/1) D:5

Altars:
Ashenzari
Cheibriados
Dithmenos
Elyvilon
Fedhas
Gozag
Hepliaklqana
Kikubaaqudgha
Makhleb
Nemelex Xobeh
Okawaru
Qazlal
Ru
Sif Muna
Trog
Uskayaw
Vehumet
Wu Jian
Xom
Yredelemnul
Zin
The Shining One


Innate Abilities, Weirdness & Mutations

You are too large for most types of armour.
You have claws for hands.
Your metabolism is lightning-fast.
You like to eat raw meat.
Your natural rate of healing is unusually fast.
You are covered in fur. (AC +1)
You have extremely tough skin. (AC +3)
Your life essence is reduced to manifest your ancestor. (-10% HP)


Message History

The electric eel seems to slow down.
You barely miss the electric eel.
Arc closely misses the electric eel.
The electric eel shoots out a bolt of lightning at you!
The bolt of electricity hits you! x2
The bolt of electricity hits the electric eel.
The electric eel completely resists.
You miss the electric eel.
The electric eel is lightly wounded.
Arc hits the electric eel with a +0 dagger of draining!
The electric eel shoots out a bolt of lightning at you!
The bolt of electricity hits you!
* * * LOW HITPOINT WARNING * * *
You closely miss the electric eel.
The electric eel is heavily wounded.
Arc hits the electric eel with a +0 dagger of draining.
The electric eel shoots out a bolt of lightning at you!
The bolt of electricity hits you!
* * * LOW HITPOINT WARNING * * *
The bolt of electricity hits you!
You die...

##≈≈≈≈##≈≈≈≈≈# #...)).........
.#≈≈≈≈≈(.≈≈≈≈#≈# #..#............
#.w≈≈≈≈...≈≈≈##...##.............
.≈≈≈≈≈#[.≈≈≈≈≈≈≈## #........≈≈...
≈≈≈≈≈≈≈≈.≈≈≈≈≈≈≈≈###.......≈≈⌠.≈.
≈#≈≈≈≈≈(..≈≈≈≈≈≈≈##........≈≈≈≈≈.
.≈≈≈≈≈≈.<.≈≈≈≈≈≈..#..........≈...
≈≈≈≈≈≈≈...≈≈≈w≈≈;R.............##
≈≈≈≈≈≈≈≈.;≈#≈≈≈;@##........#####
.≈≈≈≈≈≈≈<≈≈≈≈≈≈≈......######
.w≈#≈≈.≈!.≈≈≈≈≈..###### .≈≈≈#≈#.#
≈≈≈ ≈#### ≈≈ .# ≈ .# #.


You could see the friendly Arc the hexer, 2 electric eels and a dart slug.

Vanquished Creatures
  Sigmund (D:2)
  Edmund (D:5)
  A water moccasin (D:5)
  A sky beast (D:4)
  A phantom (D:5)
  A bullfrog (D:6)
  A howler monkey (D:4)
  An electric eel (D:6)
  2 crimson imps
  A jelly (D:5)
  A hound (D:5)
  An orc wizard (D:5)
  A worker ant zombie (D:5)
  4 gnolls (D:1)
  An adder (D:4)
  An adder skeleton (D:4)
  3 worms
  8 dart slugs
  2 leopard geckos
  6 orcs
  2 giant cockroaches (D:1)
  10 goblins
  4 hobgoblins
  4 jackals (D:1)
  A ball python (D:3)
  6 bats
  6 frilled lizards
  A jackal skeleton (D:4)
  5 kobolds
  6 rats
84 creatures vanquished.

Vanquished Creatures (collateral kills)
  A sky beast (D:6)
  2 orc wizards
  A worm (D:4)
  A dart slug (D:6)
  A leopard gecko (D:3)
  3 orcs
  A giant cockroach (D:3)
  A quokka (D:5)
  A frilled lizard (D:2)
12 creatures vanquished.

Grand Total: 96 creatures vanquished

Notes
Turn   | Place    | Note
-------+----------+-------------------------------------------
     0 | D:1      | pjoxt the Troll Monk began the quest for the Orb.
     0 | D:1      | Reached XP level 1. HP: 22/22 MP: 0/0
    53 | D:1      | Reached XP level 2. HP: 29/29 MP: 1/1
    93 | D:2      | Noticed Sigmund
   141 | D:2      | Noticed a crimson imp
   190 | D:1      | Killed a crimson imp
   190 | D:1      | Reached skill level 4 in Unarmed Combat
   190 | D:1      | Reached XP level 3. HP: 22/36 MP: 2/2
   264 | D:1      | Reached XP level 4. HP: 42/44 MP: 3/3
  1112 | D:5      | Entered Level 5 of the Dungeon
  1116 | D:5      | Noticed a water moccasin
  1123 | D:5      | Killed a water moccasin
  1123 | D:5      | Reached skill level 1 in Shields
  1123 | D:5      | Reached skill level 5 in Unarmed Combat
  1123 | D:5      | Reached XP level 5. HP: 53/53 MP: 4/4
  1126 | D:5      | Found a shimmering altar of Xom.
  1129 | D:5      | Noticed a sky beast
  1136 | D:5      | Noticed Edmund
  1154 | D:4      | Killed a sky beast
  1154 | D:4      | Reached XP level 6. HP: 29/61 MP: 5/5
  1402 | D:5      | Reached skill level 6 in Unarmed Combat
  1435 | D:5      | Found a staircase to the Ecumenical Temple.
  1445 | Temple   | Entered the Ecumenical Temple
  1549 | Temple   | Became a worshipper of Hepliaklqana the Forgotten
  1549 | Temple   | Reached * piety under Hepliaklqana
  1549 | Temple   | Reached ** piety under Hepliaklqana
  1550 | Temple   | Remembered your ancestor Arc as a hexer
  1660 | D:5      | Killed Edmund
  1660 | D:5      | Reached XP level 7. HP: 63/63 MP: 6/6
  1668 | D:5      | Got a warped lead ring
  1680 | D:5      | Identified the cursed ring "Huasmed" {rC++ Str+2 Int-5
                  | Slay-4 SInv} (You found it on level 5 of the Dungeon)
  2186 | D:3      | Found a sacrificial altar of Ru.
  2635 | D:2      | Killed Sigmund
  2635 | D:2      | Reached skill level 7 in Unarmed Combat
  2635 | D:2      | Reached skill level 1 in Invocations
  2785 | D:2      | Reached *** piety under Hepliaklqana
  3110 | D:6      | Reached XP level 8. HP: 58/71 MP: 4/8
  3303 | D:6      | Killed from afar by an electric eel

Skill      XL: |  1  2  3  4  5  6  7 |
---------------+----------------------+-----
Unarmed Combat | 4 5 6 7 |  7.3
Fighting       | 3 4 |  4.5
Shields        | 1 2 3 |  3.2
Invocations    | 1 |  1.8
Dodging        | |  2.9
Stealth        | |  1.0

Action                   |  1- 3 |  4- 6 |  7- 9 || total
-------------------------+-------+-------+-------++-------
Melee: Unarmed           |    44 |   112 |    79 ||   235
       Punch             |     2 |       |       ||     2
Invok: Ancestor Life: He |       |     1 |       ||     1
       Ancestor Identity |       |     1 |       ||     1
       Transference      |       |       |     1 ||     1
Evoke: Wand              |       |     1 |       ||     1
  Use: Scroll            |       |       |    13 ||    13
 Stab: Sleeping          |     2 |     2 |     1 ||     5
       Confused          |       |     2 |       ||     2
       Distracted        |       |     1 |       ||     1
  Eat: Chunk             |     6 |     8 |    22 ||    36
Armor: Robe              |    14 |    26 |    16 ||    56
Dodge: Dodged            |    23 |    31 |    23 ||    77
Block: Shield            |       |    29 |    20 ||    49
